[ PARTIDA AOE2 · #479524813 ]
UnrankedBirmanos vs Mongols
[ ANÁLISIS DE REPETICIÓN · EXTRAÍDO DE LA PARTIDA GRABADA ]
Feudal
13:13
Castillos
17:34
Imperial
—
| APM promedio | 49.7 |
| APM pico | 86 |
| eAPM promedio | 18.8 |
| Aldeanos / militares | 94 / 35 |
Foco
⚔️ 23.4% · 🌾 76.6%
Arambai ×35 · Fishing Ship ×17
Feudal
13:14
Castillos
19:26
Imperial
—
| APM promedio | 29.6 |
| APM pico | 53 |
| eAPM promedio | 16.9 |
| Aldeanos / militares | 86 / 67 |
Foco
⚔️ 24.4% · 🌾 75.6%
Chu Ko Nu ×34 · Knight ×16 · Spearman ×8 · Battering Ram ×8 · Iron Pagoda ×1
Feudal
13:40
Castillos
17:10
Imperial
—
| APM promedio | 41.6 |
| APM pico | 76 |
| eAPM promedio | 23.9 |
| Aldeanos / militares | 172 / 120 |
Foco
⚔️ 26.7% · 🌾 73.3%
Cavalry Archer ×109 · Mangudai ×10 · Archer ×1
Feudal
13:40
Castillos
17:18
Imperial
40:59
| APM promedio | 43.7 |
| APM pico | 74 |
| eAPM promedio | 26.9 |
| Aldeanos / militares | 168 / 106 |
Foco
⚔️ 34.6% · 🌾 65.4%
Knight ×75 · Battering Ram ×12 · Monk ×8 · Scorpion ×7 · Scout Cavalry ×4
Feudal
11:50
Castillos
24:02
Imperial
—
| APM promedio | 41.0 |
| APM pico | 67 |
| eAPM promedio | 20.9 |
| Aldeanos / militares | 132 / 91 |
Foco
⚔️ 30.6% · 🌾 69.4%
Samurai ×53 · Scout Cavalry ×14 · Battering Ram ×12 · Spearman ×8 · Militia ×2 · Knight ×1
Feudal
15:23
Castillos
22:51
Imperial
39:14
| APM promedio | 33.6 |
| APM pico | 63 |
| eAPM promedio | 20.2 |
| Aldeanos / militares | 101 / 47 |
Foco
⚔️ 21.8% · 🌾 78.2%
Militia ×23 · Scorpion ×12 · Mangonel ×7 · Throwing Axeman ×4 · Knight ×1
Feudal
12:38
Castillos
29:46
Imperial
—
| APM promedio | 37.0 |
| APM pico | 72 |
| eAPM promedio | 18.4 |
| Aldeanos / militares | 97 / 36 |
Foco
⚔️ 17.5% · 🌾 82.5%
Scout Cavalry ×22 · Spearman ×12 · Knight ×2
Feudal
13:26
Castillos
18:14
Imperial
41:48
| APM promedio | 30.5 |
| APM pico | 53 |
| eAPM promedio | 21.0 |
| Aldeanos / militares | 179 / 97 |
Foco
⚔️ 35.7% · 🌾 64.3%
Archer ×43 · Scout Cavalry ×27 · Knight ×12 · Scorpion ×4 · Monk ×3 · Mangonel ×3
Mapa de la partida
Recursos iniciales + cada clic de construcción. Líneas = muros · curvas = relieve. ◆ oro · ⬟ piedra · ● bayas · ✦ reliquia · ◌ hueco del cierre
Tu base· Abierta — hueco de 6t
Base de SS_Caborja· Abierta — hueco de 11t
Base de Gomes· Abierta — flanco sin cerrar
Base de Sérgio's· Abierta — flanco sin cerrar
Base de SSx_Peter Kavinski· Abierta — flanco sin cerrar
Base de WagneR_JR· Abierta — flanco sin cerrar
Base de SS_Tiozão· Abierta — hueco de 6t
Base de SS_Guxta· Abierta — flanco sin cerrar
Terreno inicial suavizado · ◌ = hueco del cierre detectado · pasá el cursor para detalles
Inputs por minuto
— SS_Bart - - SS_Caborja
Build order — SS_Bart
Primeras 150 de 246 acciones detectadas
| 0:06 | Construir | Town Center |
| 2:40 | Crear | Villager (Male) |
| 2:40 | Crear | Villager (Male) |
| 2:43 | Construir | House |
| 3:11 | Crear | Villager (Male) |
| 3:17 | Crear | Villager (Male) |
| 3:17 | Crear | Villager (Male) |
| 3:47 | Crear | Villager (Male) |
| 4:21 | Crear | Villager (Male) |
| 4:32 | Crear | Villager (Male) |
| 4:48 | Construir | House |
| 4:53 | Crear | Villager (Male) |
| 5:36 | Construir | Lumber Camp |
| 5:42 | Crear | Villager (Male) |
| 5:43 | Crear | Villager (Male) |
| 6:14 | Crear | Villager (Male) |
| 6:56 | Construir | House |
| 7:03 | Crear | Villager (Male) |
| 7:42 | Crear | Villager (Male) |
| 7:54 | Construir | Mill |
| 7:56 | Crear | Villager (Male) |
| 8:15 | Crear | Villager (Male) |
| 8:40 | Construir | House |
| 8:46 | Crear | Villager (Male) |
| 9:22 | Crear | Villager (Male) |
| 9:43 | Construir | Mining Camp |
| 9:45 | Construir | Mining Camp |
| 9:48 | Crear | Villager (Male) |
| 10:00 | Investigar | Loom |
| 10:34 | Crear | Villager (Male) |
| 11:01 | Investigar | Feudal Age |
| 11:49 | Construir | Mining Camp |
| 11:53 | Construir | Mining Camp |
| 12:30 | Construir | House |
| 12:32 | Construir | Palisade Wall |
| 12:36 | Construir | Palisade Wall |
| 13:13 | Edad | Edad Feudal |
| 13:14 | Crear | Villager (Male) |
| 13:15 | Crear | Villager (Male) |
| 13:18 | Construir | Blacksmith |
| 13:23 | Construir | House |
| 13:25 | Construir | Palisade Wall |
| 13:43 | Crear | Villager (Male) |
| 13:58 | Construir | Market |
| 14:15 | Crear | Villager (Male) |
| 14:25 | Construir | Palisade Gate |
| 14:53 | Investigar | Castle Age |
| 15:08 | Construir | Palisade Wall |
| 15:12 | Construir | Palisade Wall |
| 15:46 | Construir | Dock |
| 16:19 | Construir | House |
| 16:23 | Crear | Fishing Ship |
| 16:59 | Crear | Fishing Ship |
| 17:34 | Edad | Edad de los Castillos |
| 17:35 | Crear | Villager (Male) |
| 17:49 | Construir | Palisade Wall |
| 17:54 | Crear | Fishing Ship |
| 18:02 | Crear | Villager (Male) |
| 18:06 | Construir | Palisade Wall |
| 18:18 | Crear | Villager (Male) |
| 18:44 | Construir | Castle |
| 18:45 | Crear | Villager (Male) |
| 18:48 | Crear | Villager (Male) |
| 18:53 | Construir | House |
| 19:16 | Construir | Dock |
| 19:20 | Crear | Villager (Male) |
| 19:21 | Crear | Fishing Ship |
| 19:41 | Crear | Arambai |
| 19:44 | Construir | Mining Camp |
| 19:48 | Crear | Villager (Male) |
| 20:08 | Construir | House |
| 20:10 | Construir | House |
| 20:12 | Crear | Arambai |
| 20:18 | Crear | Villager (Male) |
| 20:29 | Construir | House |
| 20:32 | Construir | House |
| 20:37 | Crear | Arambai |
| 20:39 | Crear | Villager (Male) |
| 20:48 | Crear | Arambai |
| 21:09 | Crear | Villager (Male) |
| 21:16 | Crear | Arambai |
| 21:42 | Crear | Fishing Ship |
| 21:51 | Crear | Arambai |
| 22:02 | Crear | Villager (Male) |
| 22:17 | Crear | Arambai |
| 22:22 | Crear | Villager (Male) |
| 22:35 | Construir | Lumber Camp |
| 22:39 | Crear | Arambai |
| 22:54 | Crear | Arambai |
| 22:56 | Crear | Villager (Male) |
| 23:19 | Crear | Villager (Male) |
| 23:25 | Crear | Arambai |
| 23:39 | Crear | Arambai |
| 24:01 | Crear | Villager (Male) |
| 24:05 | Crear | Arambai |
| 24:20 | Crear | Arambai |
| 24:22 | Investigar | Gold Mining |
| 24:24 | Crear | Villager (Male) |
| 24:40 | Crear | Villager (Male) |
| 24:52 | Crear | Fishing Ship |
| 24:56 | Crear | Arambai |
| 25:05 | Crear | Villager (Male) |
| 25:06 | Crear | Arambai |
| 25:26 | Crear | Arambai |
| 25:40 | Crear | Villager (Male) |
| 25:41 | Crear | Arambai |
| 26:06 | Crear | Arambai |
| 26:17 | Crear | Villager (Male) |
| 26:18 | Crear | Arambai |
| 26:33 | Investigar | Tech 906 |
| 26:37 | Crear | Arambai |
| 26:52 | Crear | Villager (Male) |
| 27:01 | Crear | Arambai |
| 27:10 | Investigar | Gillnets |
| 27:15 | Crear | Villager (Male) |
| 27:51 | Crear | Arambai |
| 28:03 | Crear | Villager (Male) |
| 28:13 | Crear | Villager (Male) |
| 28:15 | Construir | Mining Camp |
| 28:27 | Crear | Arambai |
| 28:38 | Construir | Fish Trap |
| 28:41 | Construir | Fish Trap |
| 28:44 | Construir | Fish Trap |
| 28:45 | Construir | Fish Trap |
| 28:53 | Crear | Villager (Male) |
| 28:59 | Crear | Arambai |
| 29:06 | Crear | Villager (Male) |
| 29:22 | Crear | Arambai |
| 29:53 | Crear | Villager (Male) |
| 30:00 | Crear | Arambai |
| 30:23 | Crear | Villager (Male) |
| 30:25 | Crear | Arambai |
| 30:28 | Construir | House |
| 30:30 | Construir | House |
| 30:31 | Construir | House |
| 30:50 | Crear | Villager (Male) |
| 30:58 | Crear | Fishing Ship |
| 30:59 | Crear | Fishing Ship |
| 31:07 | Crear | Villager (Male) |
| 31:18 | Crear | Arambai |
| 31:30 | Crear | Villager (Male) |
| 31:37 | Construir | Town Center |
| 31:38 | Crear | Villager (Male) |
| 31:47 | Crear | Arambai |
| 31:48 | Construir | House |
| 31:49 | Construir | House |
| 31:50 | Crear | Arambai |
| 32:02 | Crear | Villager (Male) |
| 32:06 | Construir | Fish Trap |
| 32:07 | Crear | Fishing Ship |
Build order — SS_Caborja
Primeras 150 de 237 acciones detectadas
| 0:28 | Construir | Town Center |
| 2:47 | Construir | House |
| 3:13 | Construir | House |
| 3:20 | Investigar | Loom |
| 4:04 | Crear | Villager (Male) |
| 4:05 | Crear | Villager (Male) |
| 4:29 | Crear | Villager (Male) |
| 4:30 | Crear | Villager (Male) |
| 5:09 | Crear | Villager (Male) |
| 5:09 | Crear | Villager (Male) |
| 5:18 | Construir | Lumber Camp |
| 5:41 | Crear | Villager (Male) |
| 5:42 | Crear | Villager (Male) |
| 5:45 | Crear | Villager (Male) |
| 6:18 | Crear | Villager (Male) |
| 6:18 | Crear | Villager (Male) |
| 6:18 | Crear | Villager (Male) |
| 6:56 | Crear | Villager (Male) |
| 6:56 | Crear | Villager (Male) |
| 7:12 | Crear | Villager (Male) |
| 7:13 | Crear | Villager (Male) |
| 7:34 | Construir | House |
| 7:46 | Crear | Villager (Male) |
| 8:32 | Crear | Villager (Male) |
| 8:32 | Crear | Villager (Male) |
| 8:32 | Crear | Villager (Male) |
| 9:12 | Crear | Villager (Male) |
| 9:12 | Crear | Villager (Male) |
| 9:40 | Crear | Villager (Male) |
| 9:49 | Construir | Mill |
| 10:26 | Construir | House |
| 10:28 | Construir | House |
| 10:31 | Construir | Palisade Wall |
| 10:39 | Crear | Villager (Male) |
| 11:00 | Investigar | Feudal Age |
| 11:20 | Crear | Villager (Male) |
| 12:02 | Construir | Palisade Gate |
| 12:04 | Construir | Palisade Wall |
| 12:17 | Crear | Villager (Male) |
| 12:26 | Construir | Palisade Wall |
| 12:41 | Crear | Villager (Male) |
| 13:12 | Crear | Villager (Male) |
| 13:14 | Edad | Edad Feudal |
| 13:31 | Construir | Blacksmith |
| 13:39 | Construir | Palisade Wall |
| 14:09 | Crear | Villager (Male) |
| 14:39 | Crear | Villager (Male) |
| 14:58 | Construir | Market |
| 15:30 | Construir | Watch Tower |
| 16:46 | Investigar | Castle Age |
| 16:46 | Investigar | Castle Age |
| 17:05 | Construir | House |
| 17:09 | Construir | Palisade Wall |
| 17:12 | Crear | Villager (Male) |
| 17:59 | Crear | Villager (Male) |
| 18:43 | Crear | Villager (Male) |
| 19:12 | Crear | Villager (Male) |
| 19:26 | Edad | Edad de los Castillos |
| 19:38 | Crear | Villager (Male) |
| 20:06 | Construir | Outpost |
| 20:48 | Construir | Castle |
| 20:57 | Construir | House |
| 21:00 | Construir | Palisade Wall |
| 21:11 | Construir | House |
| 21:21 | Crear | Villager (Male) |
| 21:35 | Construir | Farm |
| 21:39 | Construir | Farm |
| 21:54 | Crear | Chu Ko Nu |
| 21:59 | Construir | Siege Workshop |
| 22:10 | Construir | Farm |
| 22:25 | Crear | Chu Ko Nu |
| 22:26 | Crear | Chu Ko Nu |
| 22:26 | Crear | Chu Ko Nu |
| 22:28 | Crear | Villager (Male) |
| 22:38 | Construir | House |
| 22:45 | Crear | Iron Pagoda |
| 22:51 | Crear | Villager (Male) |
| 23:34 | Crear | Chu Ko Nu |
| 23:34 | Crear | Chu Ko Nu |
| 23:41 | Construir | House |
| 23:47 | Crear | Chu Ko Nu |
| 24:11 | Crear | Villager (Male) |
| 24:12 | Crear | Villager (Male) |
| 24:20 | Crear | Villager (Male) |
| 24:32 | Crear | Chu Ko Nu |
| 24:32 | Crear | Chu Ko Nu |
| 24:40 | Crear | Villager (Male) |
| 24:41 | Crear | Villager (Male) |
| 24:57 | Construir | House |
| 25:15 | Crear | Villager (Male) |
| 25:38 | Crear | Villager (Male) |
| 25:38 | Crear | Villager (Male) |
| 26:13 | Crear | Battering Ram |
| 26:14 | Crear | Battering Ram |
| 26:14 | Crear | Battering Ram |
| 26:27 | Crear | Villager (Male) |
| 26:28 | Crear | Villager (Male) |
| 26:43 | Construir | Town Center |
| 27:01 | Crear | Villager (Male) |
| 27:07 | Construir | House |
| 27:22 | Crear | Battering Ram |
| 27:36 | Investigar | Double-Bit Axe |
| 27:38 | Crear | Villager (Male) |
| 27:39 | Crear | Villager (Male) |
| 27:57 | Crear | Chu Ko Nu |
| 27:57 | Crear | Chu Ko Nu |
| 28:21 | Investigar | Fletching |
| 28:33 | Crear | Villager (Male) |
| 28:35 | Crear | Battering Ram |
| 28:38 | Crear | Chu Ko Nu |
| 28:39 | Crear | Chu Ko Nu |
| 29:21 | Crear | Chu Ko Nu |
| 29:22 | Crear | Chu Ko Nu |
| 29:22 | Crear | Chu Ko Nu |
| 29:34 | Crear | Villager (Male) |
| 29:34 | Crear | Villager (Male) |
| 29:35 | Crear | Villager (Male) |
| 29:35 | Crear | Villager (Male) |
| 29:37 | Construir | Farm |
| 29:49 | Crear | Villager (Male) |
| 30:12 | Construir | Barracks |
| 30:31 | Crear | Villager (Male) |
| 30:31 | Crear | Villager (Male) |
| 30:33 | Crear | Villager (Male) |
| 30:35 | Crear | Villager (Male) |
| 30:35 | Crear | Villager (Male) |
| 30:37 | Construir | Lumber Camp |
| 30:47 | Crear | Battering Ram |
| 31:06 | Construir | House |
| 31:09 | Crear | Spearman |
| 31:10 | Crear | Spearman |
| 31:10 | Crear | Spearman |
| 31:12 | Investigar | Padded Archer Armor |
| 31:12 | Investigar | Padded Archer Armor |
| 31:28 | Crear | Villager (Male) |
| 31:32 | Construir | House |
| 31:33 | Construir | House |
| 31:37 | Crear | Chu Ko Nu |
| 32:23 | Construir | Stable |
| 32:38 | Crear | Spearman |
| 32:38 | Crear | Spearman |
| 32:41 | Investigar | Scale Barding Armor |
| 32:41 | Investigar | Forging |
| 32:42 | Crear | Villager (Male) |
| 32:43 | Crear | Villager (Male) |
| 32:43 | Crear | Villager (Male) |
| 32:43 | Crear | Villager (Male) |
| 32:44 | Crear | Villager (Male) |
| 33:00 | Construir | Lumber Camp |
| 33:19 | Crear | Battering Ram |
Build order — Gomes
Primeras 150 de 378 acciones detectadas
| 1:07 | Construir | Town Center |
| 2:39 | Construir | House |
| 3:10 | Investigar | Loom |
| 3:10 | Crear | Villager (Male) |
| 3:11 | Crear | Villager (Male) |
| 3:11 | Crear | Villager (Male) |
| 3:16 | Crear | Villager (Male) |
| 4:07 | Construir | House |
| 5:03 | Crear | Villager (Male) |
| 5:15 | Crear | Villager (Male) |
| 5:15 | Crear | Villager (Male) |
| 5:48 | Construir | House |
| 5:50 | Crear | Villager (Male) |
| 5:50 | Crear | Villager (Male) |
| 6:12 | Construir | Lumber Camp |
| 6:40 | Crear | Villager (Male) |
| 6:40 | Crear | Villager (Male) |
| 6:40 | Crear | Villager (Male) |
| 6:40 | Crear | Villager (Male) |
| 7:01 | Crear | Villager (Male) |
| 7:02 | Crear | Villager (Male) |
| 7:30 | Crear | Villager (Male) |
| 8:01 | Construir | House |
| 8:35 | Crear | Villager (Male) |
| 8:38 | Construir | House |
| 9:11 | Crear | Villager (Male) |
| 9:35 | Crear | Villager (Male) |
| 9:37 | Construir | Mining Camp |
| 9:42 | Construir | House |
| 9:45 | Crear | Villager (Male) |
| 9:48 | Construir | House |
| 10:00 | Crear | Villager (Male) |
| 10:19 | Construir | House |
| 11:25 | Investigar | Feudal Age |
| 11:39 | Construir | Barracks |
| 12:10 | Construir | House |
| 12:32 | Construir | Palisade Wall |
| 13:10 | Construir | Palisade Gate |
| 13:12 | Construir | Palisade Wall |
| 13:18 | Construir | Palisade Wall |
| 13:27 | Construir | Palisade Wall |
| 13:34 | Crear | Villager (Male) |
| 13:35 | Crear | Villager (Male) |
| 13:40 | Edad | Edad Feudal |
| 13:44 | Construir | Archery Range |
| 13:52 | Construir | Blacksmith |
| 14:29 | Investigar | Castle Age |
| 14:29 | Investigar | Castle Age |
| 14:40 | Investigar | Fletching |
| 15:22 | Construir | Archery Range |
| 15:28 | Construir | House |
| 15:36 | Crear | Villager (Male) |
| 16:16 | Investigar | Gold Mining |
| 16:55 | Crear | Villager (Male) |
| 17:10 | Edad | Edad de los Castillos |
| 17:12 | Construir | Mill |
| 17:15 | Crear | Cavalry Archer ×4 |
| 17:21 | Crear | Villager (Male) |
| 17:32 | Crear | Villager (Male) |
| 17:39 | Crear | Villager (Male) |
| 17:52 | Crear | Cavalry Archer |
| 17:53 | Crear | Cavalry Archer |
| 17:54 | Crear | Villager (Male) |
| 17:59 | Crear | Villager (Male) |
| 18:05 | Construir | Town Center |
| 18:06 | Crear | Villager (Male) |
| 18:27 | Crear | Cavalry Archer ×2 |
| 18:35 | Crear | Cavalry Archer |
| 18:37 | Crear | Villager (Male) |
| 18:44 | Construir | House |
| 18:52 | Crear | Cavalry Archer |
| 19:01 | Investigar | Double-Bit Axe |
| 19:02 | Crear | Villager (Male) |
| 19:15 | Crear | Cavalry Archer |
| 19:40 | Crear | Villager (Male) |
| 20:02 | Crear | Cavalry Archer ×2 |
| 20:02 | Crear | Cavalry Archer ×2 |
| 20:09 | Crear | Villager (Male) |
| 20:11 | Construir | Farm |
| 20:12 | Construir | Farm |
| 20:12 | Construir | Farm |
| 20:12 | Construir | Farm |
| 20:16 | Crear | Cavalry Archer |
| 20:17 | Crear | Cavalry Archer |
| 20:29 | Crear | Villager (Male) |
| 21:25 | Investigar | Bodkin Arrow |
| 21:28 | Crear | Cavalry Archer ×2 |
| 21:34 | Construir | Town Center |
| 21:54 | Crear | Villager (Male) |
| 21:56 | Crear | Villager (Male) |
| 21:57 | Construir | House |
| 21:59 | Construir | House |
| 22:16 | Crear | Cavalry Archer |
| 22:16 | Crear | Cavalry Archer |
| 22:23 | Crear | Villager (Male) |
| 22:26 | Construir | House |
| 22:42 | Crear | Cavalry Archer ×2 |
| 22:44 | Crear | Villager (Male) |
| 22:48 | Crear | Villager (Male) |
| 22:48 | Crear | Villager (Male) |
| 23:11 | Crear | Villager (Male) |
| 23:13 | Crear | Cavalry Archer ×2 |
| 23:23 | Crear | Villager (Male) |
| 23:38 | Crear | Villager (Male) |
| 23:40 | Construir | Mill |
| 23:43 | Crear | Cavalry Archer ×2 |
| 23:43 | Crear | Cavalry Archer ×2 |
| 23:57 | Crear | Villager (Male) |
| 24:22 | Crear | Villager (Male) |
| 24:40 | Crear | Villager (Male) |
| 24:46 | Construir | University |
| 24:52 | Crear | Cavalry Archer ×3 |
| 25:06 | Crear | Villager (Male) |
| 25:14 | Crear | Cavalry Archer ×3 |
| 25:14 | Crear | Cavalry Archer ×3 |
| 25:28 | Crear | Cavalry Archer |
| 25:36 | Construir | House |
| 25:37 | Construir | House |
| 25:44 | Crear | Villager (Male) |
| 25:52 | Construir | Farm |
| 25:53 | Construir | Farm |
| 25:54 | Construir | Farm |
| 26:02 | Investigar | Padded Archer Armor |
| 26:07 | Crear | Cavalry Archer ×5 |
| 26:07 | Crear | Cavalry Archer ×5 |
| 26:22 | Investigar | Wheelbarrow |
| 26:49 | Crear | Villager (Male) |
| 26:51 | Crear | Villager (Male) |
| 26:54 | Construir | Market |
| 27:05 | Crear | Villager (Male) |
| 27:11 | Crear | Villager (Male) |
| 27:18 | Crear | Villager (Male) |
| 27:27 | Investigar | Town Watch |
| 27:28 | Crear | Villager (Male) |
| 27:30 | Crear | Cavalry Archer ×5 |
| 27:30 | Crear | Cavalry Archer ×5 |
| 27:32 | Construir | House |
| 27:43 | Crear | Villager (Male) |
| 27:48 | Crear | Villager (Male) |
| 27:57 | Construir | Town Center |
| 27:58 | Crear | Villager (Male) |
| 28:04 | Crear | Villager (Male) |
| 28:14 | Crear | Cavalry Archer ×2 |
| 28:14 | Crear | Cavalry Archer ×2 |
| 28:46 | Crear | Villager (Male) |
| 28:57 | Crear | Villager (Male) |
| 28:59 | Crear | Villager (Male) |
| 29:05 | Crear | Cavalry Archer ×2 |
| 29:06 | Crear | Cavalry Archer ×2 |
| 29:16 | Crear | Villager (Male) |
Build order — Sérgio's
Primeras 150 de 509 acciones detectadas
| 0:26 | Construir | Town Center |
| 2:45 | Crear | Villager (Male) |
| 2:45 | Crear | Villager (Male) |
| 2:47 | Construir | House |
| 3:17 | Crear | Villager (Male) |
| 3:18 | Crear | Villager (Male) |
| 3:18 | Crear | Villager (Male) |
| 3:53 | Crear | Villager (Male) |
| 4:11 | Crear | Villager (Male) |
| 4:38 | Construir | House |
| 4:42 | Crear | Villager (Male) |
| 5:08 | Crear | Villager (Male) |
| 5:14 | Construir | Lumber Camp |
| 5:24 | Crear | Villager (Male) |
| 5:40 | Crear | Villager (Male) |
| 6:07 | Crear | Villager (Male) |
| 6:20 | Crear | Villager (Male) |
| 6:42 | Crear | Villager (Male) |
| 6:59 | Crear | Villager (Male) |
| 7:02 | Construir | House |
| 7:45 | Crear | Villager (Male) ×3 |
| 8:01 | Construir | Mill |
| 8:04 | Construir | House |
| 8:15 | Crear | Villager (Male) |
| 8:26 | Construir | House |
| 8:33 | Investigar | Loom |
| 8:35 | Construir | Palisade Wall |
| 8:52 | Construir | Palisade Wall |
| 8:54 | Crear | Villager (Male) |
| 9:08 | Construir | House |
| 9:16 | Crear | Villager (Male) |
| 9:32 | Crear | Villager (Male) |
| 9:46 | Construir | House |
| 9:51 | Construir | Palisade Wall |
| 9:58 | Crear | Villager (Male) |
| 10:04 | Construir | Palisade Wall |
| 10:20 | Construir | Palisade Wall |
| 10:26 | Construir | Palisade Wall |
| 10:38 | Crear | Villager (Male) |
| 10:50 | Construir | Mining Camp |
| 10:52 | Crear | Villager (Male) |
| 11:26 | Investigar | Feudal Age |
| 11:54 | Construir | Barracks |
| 13:07 | Crear | Villager (Male) |
| 13:39 | Crear | Villager (Male) |
| 13:40 | Edad | Edad Feudal |
| 13:43 | Construir | Stable |
| 13:48 | Crear | Villager (Male) |
| 13:52 | Construir | Blacksmith |
| 14:00 | Construir | Palisade Wall |
| 14:01 | Construir | Palisade Wall |
| 14:02 | Construir | Palisade Wall |
| 14:03 | Construir | Palisade Wall |
| 14:05 | Construir | Palisade Wall |
| 14:06 | Construir | Palisade Wall |
| 14:06 | Construir | Palisade Wall |
| 14:07 | Construir | Palisade Wall |
| 14:07 | Construir | Palisade Wall |
| 14:08 | Construir | Palisade Wall |
| 14:10 | Construir | Palisade Wall |
| 14:38 | Investigar | Castle Age |
| 14:38 | Investigar | Castle Age |
| 14:40 | Crear | Scout Cavalry |
| 14:41 | Investigar | Double-Bit Axe |
| 14:56 | Crear | Scout Cavalry |
| 14:58 | Construir | House |
| 15:31 | Crear | Scout Cavalry |
| 15:37 | Construir | House |
| 15:54 | Investigar | Horse Collar |
| 16:09 | Crear | Scout Cavalry |
| 16:14 | Construir | House |
| 16:34 | Construir | Palisade Wall |
| 16:36 | Crear | Villager (Male) |
| 17:09 | Crear | Villager (Male) |
| 17:18 | Edad | Edad de los Castillos |
| 17:21 | Investigar | Light Cavalry (upgrade) |
| 17:22 | Investigar | Light Cavalry (upgrade) |
| 17:23 | Crear | Villager (Male) |
| 17:26 | Construir | Town Center |
| 18:01 | Crear | Villager (Male) |
| 18:14 | Investigar | Bow Saw |
| 18:15 | Crear | Villager (Male) |
| 18:42 | Crear | Villager (Male) |
| 18:43 | Crear | Knight |
| 19:13 | Crear | Villager (Male) |
| 19:14 | Crear | Villager (Male) |
| 19:17 | Crear | Knight |
| 19:21 | Construir | Monastery |
| 19:42 | Crear | Villager (Male) |
| 19:58 | Construir | Farm |
| 20:02 | Crear | Villager (Male) |
| 20:03 | Crear | Villager (Male) |
| 20:07 | Crear | Monk |
| 20:08 | Construir | House |
| 20:09 | Construir | House |
| 20:21 | Crear | Villager (Male) |
| 20:34 | Crear | Villager (Male) |
| 20:36 | Construir | Farm |
| 20:42 | Crear | Monk |
| 20:43 | Crear | Villager (Male) |
| 21:03 | Crear | Villager (Male) |
| 21:05 | Construir | Farm |
| 21:09 | Construir | Palisade Wall |
| 21:16 | Crear | Villager (Male) |
| 21:20 | Crear | Villager (Male) |
| 21:21 | Crear | Villager (Male) |
| 21:21 | Construir | House |
| 21:22 | Construir | House |
| 21:35 | Crear | Villager (Male) |
| 21:36 | Crear | Villager (Male) |
| 21:44 | Crear | Villager (Male) |
| 21:50 | Investigar | Fervor |
| 22:03 | Crear | Villager (Male) |
| 22:11 | Crear | Villager (Male) |
| 22:14 | Construir | Town Center |
| 22:19 | Construir | Town Center |
| 22:35 | Crear | Villager (Male) |
| 22:43 | Crear | Villager (Male) |
| 22:45 | Construir | Farm |
| 22:45 | Construir | Farm |
| 22:45 | Construir | Farm |
| 22:46 | Construir | Farm |
| 22:46 | Construir | Farm |
| 22:46 | Construir | Farm |
| 22:46 | Construir | Farm |
| 23:02 | Crear | Villager (Male) |
| 23:03 | Crear | Villager (Male) |
| 23:15 | Crear | Monk |
| 23:16 | Crear | Villager (Male) |
| 23:26 | Crear | Monk |
| 23:27 | Crear | Villager (Male) |
| 23:32 | Crear | Villager (Male) |
| 23:34 | Construir | Farm |
| 23:41 | Construir | Farm |
| 23:44 | Crear | Villager (Male) |
| 23:44 | Crear | Villager (Male) |
| 23:50 | Construir | House |
| 23:50 | Construir | House |
| 24:07 | Crear | Villager (Male) |
| 24:14 | Crear | Villager (Male) |
| 24:22 | Construir | Outpost |
| 24:24 | Crear | Villager (Male) |
| 24:38 | Crear | Villager (Male) |
| 24:38 | Crear | Villager (Male) |
| 24:52 | Construir | Farm |
| 24:52 | Construir | Farm |
| 24:53 | Construir | Farm |
| 24:54 | Construir | Farm |
| 24:55 | Construir | Farm |
| 24:56 | Crear | Knight |
Build order — SSx_Peter Kavinski
Primeras 150 de 343 acciones detectadas
| 0:45 | Construir | Town Center |
| 2:51 | Construir | House |
| 2:56 | Crear | Villager (Male) |
| 2:56 | Crear | Villager (Male) |
| 2:56 | Crear | Villager (Male) |
| 3:11 | Crear | Villager (Male) |
| 4:14 | Crear | Villager (Male) |
| 4:26 | Construir | House |
| 4:39 | Construir | House |
| 4:48 | Crear | Villager (Male) |
| 4:53 | Construir | House |
| 5:00 | Construir | Lumber Camp |
| 5:19 | Crear | Villager (Male) |
| 5:35 | Crear | Villager (Male) |
| 5:45 | Construir | House |
| 5:47 | Investigar | Loom |
| 5:49 | Crear | Villager (Male) |
| 6:29 | Crear | Villager (Male) |
| 6:34 | Construir | House |
| 6:38 | Crear | Villager (Male) |
| 6:57 | Crear | Villager (Male) |
| 7:12 | Construir | House |
| 7:30 | Crear | Villager (Male) |
| 8:03 | Crear | Villager (Male) |
| 8:08 | Crear | Villager (Male) |
| 8:29 | Crear | Villager (Male) |
| 8:36 | Construir | Mill |
| 8:43 | Crear | Villager (Male) |
| 9:03 | Construir | House |
| 9:40 | Investigar | Feudal Age |
| 10:06 | Construir | Barracks |
| 10:10 | Construir | Palisade Wall |
| 10:14 | Crear | Villager (Male) |
| 10:36 | Crear | Villager (Male) |
| 11:10 | Construir | Palisade Gate |
| 11:15 | Construir | House |
| 11:47 | Crear | Villager (Male) |
| 11:50 | Edad | Edad Feudal |
| 11:53 | Construir | Stable |
| 12:07 | Investigar | Double-Bit Axe |
| 12:23 | Crear | Villager (Male) |
| 12:25 | Construir | House |
| 12:27 | Construir | Palisade Wall |
| 12:30 | Crear | Villager (Male) |
| 12:38 | Crear | Villager (Male) |
| 12:40 | Crear | Scout Cavalry |
| 12:41 | Crear | Scout Cavalry |
| 12:44 | Construir | Palisade Wall |
| 12:47 | Construir | Palisade Wall |
| 13:03 | Crear | Spearman |
| 13:18 | Crear | Villager (Male) |
| 13:26 | Construir | Mining Camp |
| 13:29 | Crear | Scout Cavalry |
| 13:52 | Crear | Scout Cavalry |
| 13:59 | Investigar | Horse Collar |
| 14:07 | Crear | Villager (Male) |
| 14:14 | Construir | Farm |
| 14:33 | Crear | Villager (Male) |
| 14:40 | Crear | Villager (Male) |
| 14:56 | Crear | Scout Cavalry |
| 15:06 | Crear | Villager (Male) |
| 15:10 | Construir | Farm |
| 15:11 | Construir | Farm |
| 15:11 | Construir | Farm |
| 15:33 | Crear | Villager (Male) |
| 15:42 | Construir | Stable |
| 15:45 | Crear | Scout Cavalry |
| 15:53 | Crear | Villager (Male) |
| 15:56 | Construir | House |
| 16:02 | Crear | Villager (Male) |
| 16:13 | Crear | Scout Cavalry |
| 16:29 | Crear | Villager (Male) |
| 16:39 | Construir | House |
| 16:40 | Construir | Palisade Wall |
| 16:41 | Crear | Villager (Male) |
| 16:45 | Construir | House |
| 16:47 | Construir | House |
| 16:49 | Construir | Palisade Wall |
| 16:52 | Construir | House |
| 16:52 | Crear | Villager (Male) |
| 16:55 | Crear | Scout Cavalry |
| 17:03 | Construir | Blacksmith |
| 17:09 | Crear | Scout Cavalry |
| 17:18 | Construir | House |
| 17:23 | Crear | Scout Cavalry |
| 17:42 | Crear | Villager (Male) |
| 17:54 | Crear | Villager (Male) |
| 18:00 | Crear | Villager (Male) |
| 18:04 | Construir | Farm |
| 18:05 | Construir | Farm |
| 18:17 | Crear | Villager (Male) |
| 18:30 | Crear | Villager (Male) |
| 18:31 | Crear | Scout Cavalry |
| 18:41 | Crear | Villager (Male) |
| 18:51 | Crear | Villager (Male) |
| 18:54 | Construir | Farm |
| 18:57 | Construir | Farm |
| 19:00 | Construir | Farm |
| 19:15 | Crear | Scout Cavalry |
| 19:16 | Crear | Scout Cavalry |
| 19:24 | Construir | Farm |
| 19:35 | Crear | Militia |
| 19:40 | Construir | Farm |
| 19:48 | Crear | Villager (Male) |
| 20:06 | Crear | Militia |
| 20:13 | Crear | Spearman |
| 20:32 | Construir | Market |
| 20:58 | Crear | Spearman |
| 20:59 | Crear | Villager (Male) |
| 21:01 | Construir | Farm |
| 21:21 | Investigar | Castle Age |
| 21:39 | Construir | Palisade Wall |
| 21:58 | Crear | Villager (Male) |
| 22:07 | Crear | Villager (Male) |
| 22:10 | Construir | Mining Camp |
| 22:21 | Construir | Palisade Wall |
| 22:43 | Crear | Scout Cavalry |
| 23:11 | Crear | Spearman |
| 23:11 | Crear | Spearman |
| 23:11 | Crear | Villager (Male) |
| 23:31 | Crear | Spearman |
| 23:48 | Crear | Villager (Male) |
| 23:50 | Crear | Spearman |
| 24:02 | Edad | Edad de los Castillos |
| 24:25 | Crear | Spearman |
| 25:00 | Construir | Castle |
| 25:17 | Crear | Villager (Male) |
| 25:20 | Crear | Villager (Male) |
| 25:44 | Crear | Villager (Male) |
| 25:49 | Crear | Villager (Male) |
| 26:13 | Crear | Samurai |
| 26:14 | Crear | Villager (Male) |
| 26:41 | Construir | Mill |
| 26:48 | Investigar | Gold Mining |
| 27:18 | Crear | Samurai |
| 27:27 | Crear | Samurai |
| 27:34 | Crear | Villager (Male) |
| 27:47 | Crear | Villager (Male) |
| 27:50 | Crear | Samurai |
| 27:53 | Crear | Samurai |
| 28:08 | Crear | Samurai |
| 28:13 | Investigar | Forging |
| 28:14 | Crear | Villager (Male) |
| 28:18 | Construir | Farm |
| 28:29 | Crear | Knight |
| 28:36 | Construir | Town Center |
| 28:53 | Crear | Villager (Male) |
| 28:55 | Crear | Villager (Male) |
| 29:18 | Crear | Villager (Male) |
| 29:25 | Crear | Samurai |
Build order — WagneR_JR
Primeras 150 de 266 acciones detectadas
| 0:28 | Construir | Town Center |
| 2:29 | Construir | House |
| 2:41 | Crear | Villager (Male) ×4 |
| 2:42 | Crear | Villager (Male) ×4 |
| 3:20 | Construir | House |
| 4:13 | Construir | House |
| 4:20 | Crear | Villager (Male) |
| 4:20 | Crear | Villager (Male) |
| 4:43 | Investigar | Loom |
| 5:02 | Crear | Villager (Male) |
| 5:02 | Crear | Villager (Male) |
| 5:23 | Crear | Villager (Male) |
| 5:24 | Crear | Villager (Male) |
| 6:04 | Crear | Villager (Male) ×2 |
| 6:04 | Crear | Villager (Male) ×2 |
| 6:05 | Crear | Villager (Male) |
| 6:06 | Crear | Villager (Male) |
| 6:49 | Construir | House |
| 7:17 | Construir | House |
| 7:37 | Construir | House |
| 7:42 | Construir | House |
| 7:46 | Construir | House |
| 7:49 | Construir | House |
| 8:04 | Crear | Villager (Male) |
| 8:04 | Crear | Villager (Male) |
| 8:05 | Construir | House |
| 8:13 | Construir | House |
| 8:21 | Crear | Villager (Male) ×3 |
| 8:33 | Construir | Barracks |
| 8:50 | Construir | House |
| 8:56 | Crear | Villager (Male) |
| 8:56 | Crear | Villager (Male) |
| 9:17 | Construir | Mill |
| 9:32 | Crear | Militia |
| 9:33 | Crear | Militia |
| 9:33 | Crear | Militia |
| 10:05 | Crear | Villager (Male) |
| 10:21 | Crear | Villager (Male) |
| 10:38 | Construir | House |
| 11:18 | Crear | Villager (Male) |
| 11:41 | Crear | Villager (Male) |
| 12:13 | Crear | Villager (Male) |
| 12:29 | Crear | Militia |
| 12:29 | Crear | Militia |
| 13:13 | Investigar | Feudal Age |
| 13:24 | Construir | Mining Camp |
| 14:54 | Crear | Villager (Male) |
| 14:54 | Crear | Villager (Male) |
| 15:10 | Construir | House |
| 15:23 | Edad | Edad Feudal |
| 15:27 | Construir | Watch Tower |
| 15:59 | Investigar | Man-at-Arms (upgrade) |
| 16:17 | Crear | Villager (Male) |
| 16:17 | Crear | Villager (Male) |
| 16:21 | Crear | Villager (Male) |
| 16:40 | Crear | Villager (Male) |
| 16:46 | Construir | Palisade Wall |
| 16:52 | Construir | Palisade Wall |
| 16:57 | Investigar | Stone Mining |
| 16:59 | Construir | Palisade Wall |
| 17:04 | Crear | Villager (Male) |
| 17:36 | Crear | Villager (Male) |
| 17:49 | Construir | Mill |
| 18:04 | Construir | Farm |
| 18:04 | Construir | Farm |
| 18:05 | Construir | Farm |
| 18:05 | Crear | Villager (Male) |
| 18:09 | Construir | House |
| 18:45 | Crear | Villager (Male) |
| 19:08 | Construir | Stable |
| 19:12 | Crear | Villager (Male) |
| 19:33 | Crear | Villager (Male) |
| 19:45 | Construir | Blacksmith |
| 20:11 | Investigar | Castle Age |
| 20:11 | Investigar | Castle Age |
| 20:16 | Construir | Farm |
| 21:18 | Construir | Farm |
| 21:19 | Construir | Farm |
| 22:10 | Crear | Villager (Male) |
| 22:51 | Edad | Edad de los Castillos |
| 22:59 | Construir | Castle |
| 23:02 | Crear | Villager (Male) |
| 23:04 | Investigar | Fletching |
| 23:15 | Crear | Villager (Male) |
| 23:33 | Construir | Outpost |
| 24:12 | Crear | Villager (Male) |
| 24:20 | Construir | Siege Workshop |
| 24:23 | Crear | Villager (Male) |
| 24:57 | Crear | Villager (Male) |
| 25:09 | Crear | Mangonel |
| 25:21 | Crear | Villager (Male) |
| 25:44 | Construir | Town Center |
| 25:50 | Crear | Villager (Male) |
| 26:24 | Crear | Villager (Male) |
| 26:27 | Crear | Villager (Male) |
| 26:29 | Crear | Villager (Male) |
| 26:47 | Construir | Lumber Camp |
| 26:53 | Crear | Villager (Male) |
| 26:59 | Crear | Villager (Male) |
| 26:59 | Crear | Villager (Male) |
| 27:07 | Investigar | Town Watch |
| 27:13 | Crear | Villager (Male) |
| 27:15 | Crear | Villager (Male) |
| 27:25 | Construir | Lumber Camp |
| 27:45 | Crear | Mangonel |
| 27:46 | Crear | Mangonel |
| 27:50 | Crear | Villager (Male) |
| 27:54 | Construir | Stable |
| 28:01 | Investigar | Double-Bit Axe |
| 28:16 | Crear | Villager (Male) |
| 28:16 | Crear | Villager (Male) |
| 28:28 | Crear | Knight |
| 28:37 | Crear | Villager (Male) |
| 28:40 | Crear | Villager (Male) |
| 28:42 | Crear | Villager (Male) |
| 28:49 | Crear | Mangonel |
| 28:49 | Crear | Mangonel |
| 28:57 | Construir | House |
| 28:58 | Construir | House |
| 29:08 | Crear | Villager (Male) |
| 29:26 | Construir | Market |
| 29:45 | Crear | Mangonel |
| 30:07 | Construir | Town Center |
| 30:12 | Crear | Villager (Male) |
| 30:13 | Crear | Villager (Male) |
| 30:15 | Construir | Farm |
| 30:15 | Construir | Farm |
| 30:15 | Construir | Farm |
| 30:15 | Construir | Farm |
| 30:16 | Construir | Farm |
| 30:16 | Construir | Farm |
| 30:16 | Construir | Farm |
| 30:16 | Construir | Farm |
| 30:17 | Construir | Farm |
| 30:22 | Crear | Mangonel |
| 30:30 | Construir | House |
| 30:31 | Construir | House |
| 30:32 | Construir | House |
| 30:33 | Construir | House |
| 30:33 | Construir | House |
| 30:33 | Construir | House |
| 30:34 | Construir | House |
| 30:45 | Construir | House |
| 30:45 | Construir | House |
| 30:46 | Construir | House |
| 30:46 | Construir | House |
| 31:00 | Crear | Villager (Male) |
| 31:00 | Crear | Villager (Male) |
| 31:18 | Crear | Villager (Male) |
| 31:20 | Construir | Farm |
Build order — SS_Tiozão
Primeras 150 de 248 acciones detectadas
| 0:38 | Construir | Town Center |
| 2:40 | Construir | House |
| 2:46 | Investigar | Loom |
| 2:50 | Crear | Villager (Male) |
| 2:50 | Crear | Villager (Male) |
| 2:51 | Crear | Villager (Male) |
| 2:51 | Crear | Villager (Male) |
| 4:02 | Crear | Villager (Male) |
| 5:05 | Crear | Villager (Male) |
| 5:25 | Construir | House |
| 5:33 | Crear | Villager (Male) |
| 5:47 | Construir | Lumber Camp |
| 5:52 | Crear | Villager (Male) |
| 6:29 | Crear | Villager (Male) |
| 6:29 | Crear | Villager (Male) |
| 6:30 | Crear | Villager (Male) |
| 6:30 | Crear | Villager (Male) |
| 7:07 | Construir | House |
| 7:32 | Crear | Villager (Male) |
| 7:37 | Crear | Villager (Male) |
| 8:05 | Construir | House |
| 8:17 | Crear | Villager (Male) |
| 8:31 | Construir | House |
| 9:09 | Crear | Villager (Male) |
| 9:26 | Construir | Mill |
| 9:29 | Crear | Villager (Male) |
| 10:29 | Investigar | Feudal Age |
| 11:05 | Construir | Palisade Wall |
| 11:24 | Construir | Palisade Gate |
| 11:29 | Construir | Palisade Wall |
| 11:31 | Construir | Palisade Wall |
| 11:32 | Construir | Palisade Wall |
| 12:32 | Construir | Barracks |
| 12:38 | Edad | Edad Feudal |
| 12:40 | Crear | Villager (Male) |
| 12:42 | Crear | Villager (Male) |
| 13:17 | Construir | Stable |
| 13:27 | Crear | Villager (Male) |
| 13:31 | Investigar | Double-Bit Axe |
| 13:44 | Construir | House |
| 14:00 | Crear | Scout Cavalry |
| 14:01 | Crear | Scout Cavalry |
| 14:03 | Crear | Villager (Male) |
| 14:20 | Crear | Villager (Male) |
| 14:38 | Construir | Blacksmith |
| 14:40 | Crear | Scout Cavalry |
| 14:44 | Crear | Spearman |
| 14:57 | Crear | Scout Cavalry |
| 14:58 | Crear | Spearman |
| 14:58 | Crear | Spearman |
| 15:13 | Investigar | Forging |
| 15:28 | Crear | Spearman |
| 15:37 | Construir | House |
| 15:38 | Construir | House |
| 15:52 | Crear | Scout Cavalry |
| 16:05 | Crear | Villager (Male) |
| 16:10 | Construir | Farm |
| 16:13 | Construir | Farm |
| 16:17 | Crear | Villager (Male) |
| 16:19 | Construir | Farm |
| 16:22 | Construir | House |
| 16:25 | Construir | Farm |
| 16:35 | Crear | Scout Cavalry |
| 16:35 | Crear | Scout Cavalry |
| 16:43 | Investigar | Scale Barding Armor |
| 16:47 | Construir | Farm |
| 16:48 | Crear | Villager (Male) |
| 16:54 | Construir | Farm |
| 16:56 | Crear | Villager (Male) |
| 17:00 | Crear | Villager (Male) |
| 17:03 | Construir | Farm |
| 17:07 | Construir | Farm |
| 17:39 | Construir | Farm |
| 17:40 | Construir | Farm |
| 17:41 | Construir | Farm |
| 17:45 | Construir | House |
| 17:49 | Crear | Villager (Male) |
| 18:31 | Crear | Scout Cavalry |
| 18:31 | Crear | Scout Cavalry |
| 18:44 | Crear | Scout Cavalry |
| 18:49 | Crear | Villager (Male) |
| 18:52 | Crear | Villager (Male) |
| 18:55 | Construir | Farm |
| 18:56 | Crear | Villager (Male) |
| 19:13 | Crear | Spearman |
| 19:15 | Crear | Scout Cavalry |
| 19:22 | Construir | Stable |
| 19:26 | Crear | Villager (Male) |
| 19:26 | Crear | Villager (Male) |
| 19:37 | Construir | House |
| 19:38 | Construir | House |
| 19:59 | Crear | Villager (Male) |
| 20:07 | Construir | Farm |
| 20:08 | Construir | Farm |
| 20:17 | Construir | House |
| 20:21 | Construir | Mining Camp |
| 20:27 | Crear | Scout Cavalry |
| 20:37 | Construir | Farm |
| 20:38 | Construir | Farm |
| 20:41 | Crear | Villager (Male) |
| 20:57 | Construir | House |
| 21:01 | Construir | House |
| 21:04 | Construir | House |
| 21:11 | Crear | Spearman |
| 21:21 | Crear | Spearman |
| 21:25 | Crear | Villager (Male) |
| 21:51 | Crear | Villager (Male) |
| 21:55 | Crear | Scout Cavalry |
| 22:00 | Construir | Farm |
| 22:01 | Construir | Farm |
| 22:03 | Construir | Farm |
| 22:08 | Crear | Villager (Male) |
| 22:32 | Construir | Farm |
| 22:38 | Crear | Scout Cavalry |
| 22:42 | Investigar | Bloodlines |
| 22:44 | Crear | Spearman |
| 22:46 | Crear | Spearman |
| 23:10 | Construir | Farm |
| 23:18 | Crear | Scout Cavalry |
| 23:19 | Crear | Scout Cavalry |
| 23:24 | Crear | Villager (Male) |
| 23:30 | Construir | Mill |
| 23:39 | Construir | Farm |
| 23:46 | Crear | Scout Cavalry |
| 23:48 | Crear | Scout Cavalry |
| 24:03 | Construir | Farm |
| 24:24 | Crear | Scout Cavalry |
| 24:25 | Crear | Scout Cavalry |
| 24:27 | Crear | Spearman |
| 24:28 | Crear | Spearman |
| 24:30 | Crear | Villager (Male) |
| 24:31 | Crear | Villager (Male) |
| 25:31 | Crear | Spearman |
| 25:32 | Crear | Scout Cavalry |
| 25:33 | Crear | Scout Cavalry |
| 26:07 | Construir | Market |
| 27:01 | Construir | Mining Camp |
| 27:06 | Investigar | Castle Age |
| 28:14 | Investigar | Scale Mail Armor |
| 28:33 | Construir | Lumber Camp |
| 29:46 | Edad | Edad de los Castillos |
| 30:38 | Construir | Town Center |
| 31:10 | Crear | Knight |
| 31:14 | Crear | Knight |
| 31:32 | Crear | Villager (Male) |
| 31:43 | Crear | Villager (Male) |
| 32:52 | Construir | Town Center |
| 32:53 | Crear | Villager (Male) |
| 33:13 | Construir | Town Center |
| 33:20 | Construir | House |
Build order — SS_Guxta
Primeras 150 de 450 acciones detectadas
| 0:08 | Construir | Town Center |
| 2:48 | Crear | Villager (Male) |
| 2:48 | Crear | Villager (Male) |
| 2:48 | Crear | Villager (Male) |
| 2:49 | Crear | Villager (Male) |
| 3:01 | Construir | House |
| 4:12 | Crear | Villager (Male) |
| 4:15 | Construir | House |
| 4:36 | Crear | Villager (Male) |
| 5:06 | Crear | Villager (Male) |
| 5:12 | Construir | Lumber Camp |
| 5:14 | Construir | House |
| 5:18 | Crear | Villager (Male) |
| 5:48 | Crear | Villager (Male) |
| 6:10 | Crear | Villager (Male) |
| 6:23 | Crear | Villager (Male) |
| 6:42 | Construir | House |
| 6:59 | Crear | Villager (Male) |
| 7:07 | Crear | Villager (Male) |
| 7:31 | Crear | Villager (Male) |
| 7:42 | Construir | House |
| 7:51 | Investigar | Loom |
| 7:53 | Crear | Villager (Male) |
| 7:53 | Crear | Villager (Male) |
| 8:33 | Crear | Villager (Male) |
| 8:42 | Construir | House |
| 8:50 | Investigar | Loom |
| 8:53 | Crear | Villager (Male) |
| 8:57 | Construir | House |
| 9:13 | Construir | House |
| 9:15 | Crear | Villager (Male) |
| 9:37 | Construir | Mill |
| 9:40 | Crear | Villager (Male) |
| 10:21 | Crear | Villager (Male) |
| 10:40 | Construir | Mining Camp |
| 11:16 | Investigar | Feudal Age |
| 11:57 | Construir | Barracks |
| 12:06 | Construir | Palisade Wall |
| 12:10 | Construir | Palisade Wall |
| 12:17 | Construir | Palisade Wall |
| 12:20 | Construir | Palisade Wall |
| 13:08 | Crear | Villager (Male) |
| 13:26 | Edad | Edad Feudal |
| 13:27 | Construir | Stable |
| 13:31 | Crear | Villager (Male) |
| 13:52 | Construir | Palisade Wall |
| 13:57 | Crear | Villager (Male) |
| 14:31 | Construir | Blacksmith |
| 14:36 | Crear | Villager (Male) |
| 14:39 | Crear | Spearman |
| 14:54 | Construir | House |
| 15:15 | Construir | House |
| 15:22 | Investigar | Castle Age |
| 16:05 | Investigar | Double-Bit Axe |
| 16:38 | Investigar | Scale Barding Armor |
| 16:41 | Construir | House |
| 17:41 | Construir | Palisade Wall |
| 18:07 | Crear | Villager (Male) |
| 18:14 | Edad | Edad de los Castillos |
| 18:14 | Crear | Knight |
| 18:15 | Crear | Knight |
| 18:42 | Crear | Villager (Male) |
| 18:46 | Crear | Villager (Male) |
| 19:01 | Construir | Town Center |
| 19:10 | Crear | Villager (Male) |
| 19:17 | Crear | Knight |
| 19:19 | Crear | Knight |
| 19:22 | Crear | Villager (Male) |
| 19:24 | Construir | Palisade Wall |
| 19:59 | Crear | Villager (Male) |
| 20:00 | Crear | Knight |
| 20:37 | Construir | Town Center |
| 20:42 | Crear | Knight |
| 20:56 | Crear | Knight |
| 21:04 | Crear | Knight |
| 21:19 | Crear | Knight |
| 21:21 | Crear | Villager (Male) |
| 21:23 | Crear | Villager (Male) |
| 21:28 | Crear | Villager (Male) |
| 21:35 | Crear | Knight |
| 21:37 | Crear | Knight |
| 22:23 | Construir | Farm |
| 22:24 | Construir | Farm |
| 22:25 | Construir | Farm |
| 22:26 | Crear | Villager (Male) |
| 22:29 | Crear | Villager (Male) |
| 22:31 | Crear | Villager (Male) |
| 22:34 | Construir | Monastery |
| 22:36 | Crear | Villager (Male) |
| 22:48 | Crear | Knight |
| 22:50 | Crear | Villager (Male) |
| 22:52 | Crear | Villager (Male) |
| 23:06 | Crear | Villager (Male) |
| 23:12 | Construir | Stable |
| 23:12 | Crear | Villager (Male) |
| 23:17 | Construir | Market |
| 23:24 | Crear | Villager (Male) |
| 23:29 | Construir | House |
| 23:29 | Crear | Monk |
| 23:31 | Crear | Monk |
| 23:39 | Crear | Scout Cavalry |
| 24:03 | Crear | Scout Cavalry |
| 24:08 | Crear | Villager (Male) |
| 24:11 | Investigar | Light Cavalry (upgrade) |
| 24:13 | Construir | House |
| 24:13 | Construir | House |
| 24:29 | Investigar | Horse Collar |
| 24:32 | Crear | Villager (Male) |
| 24:46 | Crear | Scout Cavalry |
| 24:52 | Construir | Mill |
| 24:53 | Crear | Villager (Male) |
| 24:54 | Construir | Farm |
| 24:55 | Crear | Villager (Male) |
| 24:57 | Construir | Farm |
| 24:58 | Construir | Farm |
| 24:58 | Construir | Farm |
| 25:19 | Construir | Farm |
| 25:20 | Construir | Farm |
| 25:21 | Crear | Villager (Male) |
| 25:24 | Crear | Scout Cavalry |
| 25:25 | Crear | Villager (Male) |
| 25:27 | Crear | Villager (Male) |
| 25:28 | Crear | Scout Cavalry |
| 25:29 | Crear | Scout Cavalry |
| 25:31 | Crear | Scout Cavalry |
| 25:36 | Construir | House |
| 25:43 | Construir | Farm |
| 25:51 | Crear | Villager (Male) |
| 25:57 | Crear | Scout Cavalry |
| 25:58 | Crear | Villager (Male) |
| 25:58 | Crear | Villager (Male) |
| 26:05 | Crear | Scout Cavalry |
| 26:06 | Crear | Scout Cavalry |
| 26:22 | Crear | Scout Cavalry |
| 26:34 | Crear | Villager (Male) |
| 26:37 | Crear | Scout Cavalry |
| 26:41 | Construir | Farm |
| 26:44 | Construir | Farm |
| 26:52 | Investigar | Town Watch |
| 26:52 | Crear | Villager (Male) |
| 26:53 | Crear | Scout Cavalry |
| 27:03 | Crear | Villager (Male) |
| 27:12 | Crear | Villager (Male) |
| 27:16 | Construir | Siege Workshop |
| 27:17 | Crear | Scout Cavalry |
| 27:17 | Crear | Villager (Male) |
| 27:20 | Construir | House |
| 27:20 | Construir | House |
| 27:21 | Crear | Villager (Male) |
| 27:30 | Crear | Scout Cavalry |
Cronología de la partida
| 8:33 | WagneR_JR · first_building Barracks |
| 8:35 | Sérgio's · wall_segment Palisade Wall x1 |
| 8:52 | Sérgio's · wall_segment Palisade Wall x1 |
| 9:51 | Sérgio's · wall_segment Palisade Wall x1 |
| 10:04 | Sérgio's · wall_segment Palisade Wall x1 |
| 10:06 | SSx_Peter Kavinski · first_building Barracks |
| 10:10 | SSx_Peter Kavinski · wall_segment Palisade Wall x1 |
| 10:20 | Sérgio's · wall_segment Palisade Wall x1 |
| 10:26 | Sérgio's · wall_segment Palisade Wall x1 |
| 10:31 | SS_Caborja · wall_segment Palisade Wall x1 |
| 11:05 | SS_Tiozão · wall_segment Palisade Wall x3 |
| 11:29 | SS_Tiozão · wall_segment Palisade Wall x1 |
| 11:31 | SS_Tiozão · wall_segment Palisade Wall x1 |
| 11:32 | SS_Tiozão · wall_segment Palisade Wall x1 |
| 11:39 | Gomes · first_building Barracks |
| 11:50 | SSx_Peter Kavinski · age_up feudal |
| 11:53 | SSx_Peter Kavinski · first_building Stable |
| 11:54 | Sérgio's · first_building Barracks |
| 11:57 | SS_Guxta · first_building Barracks |
| 12:04 | SS_Caborja · wall_segment Palisade Wall x1 |
| 12:06 | SS_Guxta · wall_segment Palisade Wall x1 |
| 12:10 | SS_Guxta · wall_segment Palisade Wall x1 |
| 12:17 | SS_Guxta · wall_segment Palisade Wall x1 |
| 12:20 | SS_Guxta · wall_segment Palisade Wall x1 |
| 12:26 | SS_Caborja · wall_segment Palisade Wall x1 |
| 12:27 | SSx_Peter Kavinski · wall_segment Palisade Wall x2 |
| 12:32 | Gomes · wall_segment Palisade Wall x1 |
| 12:32 | SS_Bart · wall_segment Palisade Wall x3 |
| 12:32 | SS_Tiozão · first_building Barracks |
| 12:36 | SS_Bart · wall_segment Palisade Wall x4 |
| 12:38 | SS_Tiozão · age_up feudal |
| 12:44 | SSx_Peter Kavinski · wall_segment Palisade Wall x1 |
| 12:47 | SSx_Peter Kavinski · wall_segment Palisade Wall x1 |
| 13:12 | Gomes · wall_segment Palisade Wall x5 |
| 13:13 | SS_Bart · age_up feudal |
| 13:14 | SS_Caborja · age_up feudal |
| 13:17 | SS_Tiozão · first_building Stable |
| 13:18 | Gomes · wall_segment Palisade Wall x4 |
| 13:25 | SS_Bart · wall_segment Palisade Wall x1 |
| 13:26 | SS_Guxta · age_up feudal |
| 13:27 | Gomes · wall_segment Palisade Wall x4 |
| 13:27 | SS_Guxta · first_building Stable |
| 13:39 | SS_Caborja · wall_segment Palisade Wall x1 |
| 13:40 | Gomes · age_up feudal |
| 13:40 | Sérgio's · age_up feudal |
| 13:43 | Sérgio's · first_building Stable |
| 13:44 | Gomes · first_building Archery Range |
| 13:52 | SS_Guxta · wall_segment Palisade Wall x1 |
| 14:00 | Sérgio's · wall_segment Palisade Wall x1 |
| 14:01 | Sérgio's · wall_segment Palisade Wall x1 |
| 14:02 | Sérgio's · wall_segment Palisade Wall x1 |
| 14:03 | Sérgio's · wall_segment Palisade Wall x1 |
| 14:05 | Sérgio's · wall_segment Palisade Wall x1 |
| 14:06 | Sérgio's · wall_segment Palisade Wall x1 |
| 14:06 | Sérgio's · wall_segment Palisade Wall x1 |
| 14:07 | Sérgio's · wall_segment Palisade Wall x1 |
| 14:07 | Sérgio's · wall_segment Palisade Wall x1 |
| 14:08 | Sérgio's · wall_segment Palisade Wall x1 |
| 14:10 | Sérgio's · wall_segment Palisade Wall x1 |
| 15:08 | SS_Bart · wall_segment Palisade Wall x1 |
| 15:12 | SS_Bart · wall_segment Palisade Wall x1 |
| 15:23 | WagneR_JR · age_up feudal |
| 15:46 | SS_Bart · first_building Dock |
| 16:34 | Sérgio's · wall_segment Palisade Wall x1 |
| 16:40 | SSx_Peter Kavinski · wall_segment Palisade Wall x1 |
| 16:46 | WagneR_JR · wall_segment Palisade Wall x1 |
| 16:49 | SSx_Peter Kavinski · wall_segment Palisade Wall x1 |
| 16:52 | WagneR_JR · wall_segment Palisade Wall x1 |
| 16:59 | WagneR_JR · wall_segment Palisade Wall x1 |
| 17:09 | SS_Caborja · wall_segment Palisade Wall x1 |
| 17:10 | Gomes · age_up castle |
| 17:18 | Sérgio's · age_up castle |
| 17:34 | SS_Bart · age_up castle |
| 17:41 | SS_Guxta · wall_segment Palisade Wall x1 |
| 17:49 | SS_Bart · wall_segment Palisade Wall x1 |
| 18:06 | SS_Bart · wall_segment Palisade Wall x2 |
| 18:14 | SS_Guxta · age_up castle |
| 18:17 | SS_Bart · first_market_buy 100 stone |
| 18:44 | SS_Bart · first_building Castle |
| 19:08 | WagneR_JR · first_building Stable |
| 19:21 | Sérgio's · first_building Monastery |
| 19:24 | SS_Guxta · wall_segment Palisade Wall x1 |
| 19:26 | SS_Caborja · age_up castle |
| 19:47 | SS_Caborja · first_market_sell 100 wood |
| 19:49 | SS_Caborja · first_market_buy 100 stone |
| 20:48 | SS_Caborja · first_building Castle |
| 21:00 | SS_Caborja · wall_segment Palisade Wall x1 |
| 21:09 | Sérgio's · wall_segment Palisade Wall x1 |
| 21:14 | SS_Bart · first_market_sell 100 food |
| 21:39 | SSx_Peter Kavinski · wall_segment Palisade Wall x1 |
| 21:59 | SS_Caborja · first_building Siege Workshop |
| 22:21 | SSx_Peter Kavinski · wall_segment Palisade Wall x1 |
| 22:34 | SS_Guxta · first_building Monastery |
| 22:51 | WagneR_JR · age_up castle |
| 22:59 | WagneR_JR · first_building Castle |
| 24:02 | SSx_Peter Kavinski · age_up castle |
| 24:10 | SS_Guxta · first_market_buy 100 food |
| 24:20 | WagneR_JR · first_building Siege Workshop |
| 24:53 | SSx_Peter Kavinski · first_market_sell 100 food |
| 24:54 | SSx_Peter Kavinski · first_market_buy 100 stone |
| 25:00 | SSx_Peter Kavinski · first_building Castle |
| 27:04 | SS_Tiozão · first_market_buy 100 food |
| 27:16 | SS_Guxta · first_building Siege Workshop |
| 27:46 | Gomes · first_market_buy 100 stone |
| 29:46 | SS_Tiozão · age_up castle |
| 30:04 | WagneR_JR · first_market_sell 100 wood |
| 30:04 | Sérgio's · first_building Siege Workshop |
| 30:05 | WagneR_JR · first_market_buy 100 stone |
| 30:09 | SS_Guxta · first_market_sell 100 food |
| 30:12 | SS_Caborja · first_building Barracks |
| 31:54 | Gomes · first_market_sell 100 stone |
| 32:23 | SS_Caborja · first_building Stable |
| 34:10 | WagneR_JR · wall_segment Palisade Wall x5 |
| 34:11 | WagneR_JR · wall_segment Palisade Wall x1 |
| 34:15 | WagneR_JR · wall_segment Palisade Wall x29 |
| 34:17 | SSx_Peter Kavinski · first_building Siege Workshop |
| 34:42 | SS_Tiozão · first_market_sell 100 wood |
| 35:03 | Gomes · first_building Stable |
| 35:05 | SS_Guxta · first_building Archery Range |
| 35:29 | SS_Bart · wall_segment Palisade Wall x1 |
| 35:29 | SS_Bart · wall_segment Palisade Wall x1 |
| 36:06 | Gomes · first_building Castle |
| 36:20 | SS_Guxta · first_building Castle |
| 36:56 | SSx_Peter Kavinski · wall_segment Palisade Wall x1 |
| 36:57 | SSx_Peter Kavinski · wall_segment Palisade Wall x1 |
| 36:58 | SSx_Peter Kavinski · wall_segment Palisade Wall x1 |
| 39:14 | WagneR_JR · age_up imperial |
| 40:47 | Sérgio's · first_building Castle |
| 40:59 | Sérgio's · age_up imperial |
| 41:09 | Sérgio's · first_market_buy 100 wood |
| 41:48 | SS_Guxta · age_up imperial |
| 43:44 | SS_Bart · resign |
[ ANÁLISIS IA · 1 CRÉDITO ]
¿Qué pasó realmente en esta partida?
Wolo.gg analiza cada decisión: build order, eco, micro, errores típicos por bracket. Análisis personalizado por WhatsApp o Discord en 30 segundos.
Guía civ
Birmanos
Perfil
Jugador #2607446